 Dungeon Crawl Stone Soup version 0.30-a0-373-gd37427bb62 (webtiles) character file.

Game seed: 237380578255394144

331 funkygono the Firebug (level 6, 0/42 HPs)
             Began as a Demonspawn Fire Elementalist on Nov 24, 2022.
             Was an Initiate of Vehumet.
             Slain by a water moccasin (2 damage)
             ... on level 7 of the Dungeon.
             The game lasted 00:06:33 (4364 turns).

funkygono the Firebug (DsFE)                        Turns: 4364, Time: 00:06:34

Health: 0/42       AC:  4    Str:  9    XL:     6   Next: 26%
Magic:  6/11       EV: 12    Int: 18    God:    Vehumet [......]
Gold:   144        SH:  0    Dex: 13    Spells: 2/12 levels left

rFire   . . .      SeeInvis .    c - +0 whip
rCold   . . .      Faith    .    (no shield)
rNeg    . . .      Spirit   .    a - +0 robe
rPois   .          Reflect  .    i - +0 helmet
rElec   .          Harm     .    e - scarf {repulsion}
rCorr   .          Rampage  .    b - +0 pair of gloves
Will    .....                    (no boots)
Stlth   ++........               (no amulet)
HPRegen 0.27/turn                k - ring of wizardry
MPRegen 0.12/turn                (no ring)

@: lethally poisoned (0 -> -8), repel missiles
A: hooves 1, demonic guardian 2
a: Renounce Religion


You were on level 7 of the Dungeon.
You worshipped Vehumet.
Vehumet was noncommittal.
You visited 2 branches of the dungeon, and saw 7 of its levels.

You collected 144 gold pieces.

Inventory:

Hand Weapons
 c - a +0 whip (weapon)
Armour
 a - a +0 robe (worn)
 b - a +0 pair of gloves (worn)
 e - a scarf of repulsion (worn)
 h - the +0 leather armour "Jossaol" {SInv}
   (You found it on level 2 of the Dungeon)

   SInv:      It lets you see invisible.
 i - a +0 helmet (worn)
Magical Staves
 d - a staff of earth
Jewellery
 k - a ring of wizardry (left hand)
Wands
 g - a wand of flame (17)
Scrolls
 f - 3 scrolls of teleportation
Potions
 j - a potion of magic
 l - 2 potions of curing
 m - a potion of heal wounds {unknown}


   Skills:
 + Level 0.4 Fighting
 + Level 0.2 Maces & Flails
 + Level 2.4 Dodging
 - Level 1.7 Stealth
 + Level 3.9 Spellcasting
 + Level 2.4 Conjurations
 + Level 4.5 Fire Magic


You had 2 spell levels left.
You knew the following spells:

 Your Spells              Type           Power      Damage    Failure   Level
a - Foxfire               Conj/Fire      64%        2x1d7     1%          1
b - Scorch                Fire           38%        2d6       1%          2
c - Kindle Blastsparks    Fire/Tloc/Air  18%        2d11      10%         3
d - Flame Wave            Conj/Fire      16%        2d7       14%         4

Your spell library contained the following spells:

 Spells                   Type           Power      Damage    Failure   Level
 Inner Flame              Hex/Fire       11%        N/A       7%          3
 Summon Cactus Giant      Summ           1%         N/A       100%        6


Dungeon Overview and Level Annotations

Branches:
Dungeon (7/15)             Temple (1/1) D:7

Altars:
Ashenzari
Dithmenos
Fedhas
Gozag
Hepliaklqana
Kikubaaqudgha
Makhleb
Nemelex Xobeh
Okawaru
Qazlal
Ru
Trog
Uskayaw
Vehumet
Wu Jian
Xom

Annotations:
D:3 2 transporters, Raultor's ghost, amateur OpTm
D:6 Blork the orc


Innate Abilities, Weirdness & Mutations

You have large cloven feet.
A demonic guardian rushes to your aid.


Message History

The water moccasin is lightly wounded.
The foxfire hits the water moccasin.
The water moccasin is lightly wounded.
The water moccasin bites you!
You climb downwards.
You feel very sick.
There is a stone staircase leading up here.
Casting: Foxfire (safe; 1% risk of failure)
Confirm with . or Enter, or press ? or * to list all spells.
You conjure some foxfire!
You feel sick. The water moccasin closely misses you.
Casting: Foxfire (safe; 1% risk of failure)
Confirm with . or Enter, or press ? or * to list all spells.
Flames lash the water moccasin.
The water moccasin is lightly wounded.
The water moccasin's fire resistance burns away.
You feel sick.
The foxfire hits the water moccasin!
The water moccasin is burned terribly!
The water moccasin is moderately wounded.
The foxfire hits the water moccasin!
The water moccasin is burned terribly!
The water moccasin is severely wounded.
The water moccasin bites you.
You are more poisoned.
The water moccasin poisons you! The water moccasin bites you!
* * * LOW HITPOINT WARNING * * *
Casting: Scorch (safe; 1% risk of failure)
Confirm with . or Enter, or press ? or * to list all spells.
You conjure some foxfire!
* * * LOW HITPOINT WARNING * * *
You feel very sick. The water moccasin bites you.
* * * LOW HITPOINT WARNING * * *
A demonic guardian appears!
* * * LOW HITPOINT WARNING * * *
You feel sick.
The foxfire hits the water moccasin.
The water moccasin is burned terribly!
The water moccasin is severely wounded.
The foxfire hits the water moccasin.
The water moccasin is burned terribly!
The water moccasin is almost dead.
The water moccasin bites you.
You die...

#.......[#
#........#
#........#
#........#
#........+
#4.......#
#...§....# #.S@§.#
###'### #.####
#....# # ####.#
####### #.# #.....#
#.# #.###.#
#.#######.###.#
######.......#.#...#


You could see a water moccasin (combustible, ally target) and a friendly ice
devil (summoned).

Vanquished Creatures
  2 ice beasts (D:7)
  2 gnolls
  An adder (D:4)
  A white imp (D:7)
  An ufetubus (D:4)
  3 worms
  A dart slug (D:2)
  6 ball pythons
  10 endoplasms
  2 giant cockroaches (D:2)
  5 goblins
  13 hobgoblins
  6 jackals
  4 kobolds
  3 bats
  4 frilled lizards
  8 rats
72 creatures vanquished.

Vanquished Creatures (collateral kills)
  2 gnolls (D:2)
  A foxfire (D:2)
3 creatures vanquished.

Vanquished Creatures (others)
  243 foxfires
243 creatures vanquished.

Grand Total: 318 creatures vanquished

Notes
Turn   | Place    | Note
-------+----------+-------------------------------------------
     0 | D:1      | funkygono the Demonspawn Fire Elementalist began the quest
                  | for the Orb.
     0 | D:1      | Reached XP level 1. HP: 13/13 MP: 3/3
    50 | D:1      | Reached skill level 3 in Fire Magic
    50 | D:1      | Gained mutation: You have large cloven feet. [demonic
                  | ancestry]
    50 | D:1      | Reached XP level 2. HP: 14/19 MP: 0/5
   596 | D:1      | Gained mutation: A weak demonic guardian rushes to your
                  | aid. [demonic ancestry]
   596 | D:1      | Reached XP level 3. HP: 24/24 MP: 4/6
   729 | D:1      | Learned a level 2 spell: Scorch
  1450 | D:2      | Reached XP level 4. HP: 4/31 MP: 5/7
  1762 | D:2      | Found a shimmering altar of Xom.
  1808 | D:2      | Identified the +0 leather armour "Jossaol" {SInv}
  2232 | D:2      | Found a faded altar of an unknown god.
  2350 | D:2      | Learned a level 4 spell: Flame Wave
  3150 | D:3      | Found a transporter.
  3151 | D:3      | Found a transporter.
  3151 | D:3      | Noticed Raultor's ghost (amateur OpTm)
  3153 | D:3      | Noticed an ogre
  3423 | D:4      | Reached XP level 5. HP: 36/36 MP: 3/9
  3490 | D:4      | Learned a level 3 spell: Kindle Blastsparks
  3557 | D:4      | You fall into a shaft and drop 3 floors!
  3564 | D:7      | Found a staircase to the Ecumenical Temple.
  3573 | Temple   | Entered the Ecumenical Temple
  3586 | Temple   | Became a worshipper of Vehumet
  3669 | D:7      | Reached skill level 4 in Fire Magic
  4121 | D:7      | Noticed an ice beast
  4134 | D:7      | Killed an ice beast
  4226 | D:7      | Noticed an ice beast
  4239 | D:7      | Killed an ice beast
  4240 | D:7      | Gained mutation: A demonic guardian rushes to your aid.
                  | [demonic ancestry]
  4240 | D:7      | Reached XP level 6. HP: 17/42 MP: 0/11
  4354 | D:7      | Noticed a water moccasin
  4357 | D:6      | Noticed Blork the orc
  4364 | D:7      | HP: 2/42 [poisoned by a water moccasin]
  4364 | D:7      | Slain by a water moccasin

Illustrated notes

Levels and vault maps discovered:
D:1:      pf_arrival_petrified_forest, layout_loops_ring
D:2:      layout_basic, shapermc_ecumenical_altar_hornbeckon, basic_altar
D:3:      layout_basic, serial_corexii_hall, chequers_hall_statues_corner_a,
          corexii_hall_statues_u, gammafunk_ghost_smash, grunt_decor_resistance
D:4:      layout_basic, grunt_ministairs_4, uniq_sigmund
D:6:      layout_basic, uniq_blork_the_orc
D:7:      layout_basic, slow_altar_1, minmay_temple_entry_sparse_star
Temple:   hellmonk_temple_of_storms

Skill      XL: |  1  2  3  4  5 |
---------------+----------------+-----
Fire Magic     | 3 4 |  4.5
Dodging        | 2 |  2.4
Spellcasting   | 3 |  3.9
Conjurations   | 2 |  2.4
Fighting       | |  0.4
Maces & Flails | |  0.2
Stealth        | |  1.7

Action                   |  1- 3 |  4- 6 || total
-------------------------+-------+-------++-------
Melee: Unarmed           |     5 |       ||     5
       Whip              |     4 |     9 ||    13
       Kick              |     2 |     6 ||     8
 Cast: Foxfire           |    59 |    77 ||   136
       Scorch            |     5 |    17 ||    22
  Use: Potion            |     1 |       ||     1
       Scroll            |       |     7 ||     7
Armor: Robe              |     6 |     9 ||    15
Dodge: Dodged            |    47 |    16 ||    63
       Repelled          |       |     1 ||     1

Table legend: (Time is in decaauts)
 A = Elapsed time spent in this place.
 B = Non-inter-level travel time spent in this place.
 C = Inter-level travel time spent in this place.
 D = Time resting spent in this place.
 E = Time spent auto-exploring this place.
 F = Levels seen in this place.
 G = Mean time per level.
                   A        B        C        D        E       F      G
               +--------+--------+--------+--------+--------+-----+--------+
         Total |   4367 |   4261 |    106 |      0 |   3681 |   7 |  623.9 |
       Dungeon |   4325 |   4227 |     98 |      0 |   3665 |   6 |  720.8 |
        Temple |     42 |     35 |      7 |      0 |     16 |   1 |   42.0 |
               +--------+--------+--------+--------+--------+-----+--------+

Top non-repeatable levels by time:
     D:2: 1348 daAuts
     D:3: 1057 daAuts
     D:1: 1015 daAuts
     D:7: 762 daAuts
     D:4: 138 daAuts
  Temple: 42 daAuts
     D:6: 2 daAuts
